[Event "Late-Titled-Tuesday-Blitz-June-18-2024"]
[Site "Chess.com"]
[Date "2024.06.18"]
[Round "4"]
[White "kinga2008"]
[Black "ToddBryant"]
[Result "1-0"]
[WhiteElo "2570"]
[BlackElo "2384"]
[TimeControl "180+1"]
[EndTime "14:42:46 PDT"]
[Termination "kinga2008 won by checkmate"]

1. e4 c5 2. Nf3 d6 3. c3 Nf6 4.
Bd3 e5 5. Bc2 d5 6. exd5 Qxd5 7.
O-O e4 8. Re1 Be7 9. Nh4 g5 10.
c4 Qd7 11. Nf3 exf3 12. Qxf3 O-O 13. d4 Nc6 14. Bxg5 Nxd4 15. Qg3 Nh5 16. Bxh7+ Kxh7 17. Qd3+ Nf5 18. Qxd7 Bxd7 19. Bxe7 Nxe7 20. Rxe7 Rae8 21. Rxe8 Rxe8 22. Nc3 Nf4 23. Rd1 Bc6 24. f3 Ne2+ 25. Kf2 Nxc3 26. bxc3 Re6 27. Rd8 Kg6 28. h4 Kf6 29. g4 Ke7 30. Rd3 Rd6 31. Rxd6 Kxd6 32.
h5 Ke5 33. Ke3 f5 34. h6 Kf6 35. g5+ Kg6 36. Kf4 Bd7 37. Ke5 Bc6 38. f4 Ba4 39. Kd5 b6 40. Ke5 Bc2 41. Kd5 Bd3 42. a4 Be2 43. a5 Bf1 44. axb6 axb6 45. Kc6 Bxc4 46. Kxb6 Bg8 47. Kxc5 Kh5 48. Kd6 Kg6 49. Ke5 Bc4 50. Kd4 Bg8 51. c4 Kf7 52. c5 Bh7 53. Ke5 Ke7 54. c6 Bg6 55. c7 Kd7 56. Kf6 Bh5 57. g6 Kxc7 58. g7 Bg4 59. g8=Q Kd6 60. h7 Kc5 61. h8=Q Kd4 62. Qd8+ Ke3 63. Qh2 Kf3 64. Qdd2 Ke4 65. Qhg2+ Bf3 66. Qc2+ Kd4 67. Qgf2+ Kd5 68. Qxf3+ Kd6 69. Qfd3# 1-0

[Event "Late-Titled-Tuesday-Blitz-June-18-2024"]
[Site "Chess.com"]
[Date "2024.06.18"]
[Round "4"]
[White "ckgchess"]
[Black "Grischuk"]
[Result "1/2-1/2"]
[WhiteElo "2887"]
[BlackElo "3126"]
[TimeControl "180+1"]
[EndTime "14:42:48 PDT"]
[Termination "Game drawn by repetition"]

1. e4 e5 2. Nf3 Nc6 3. Bc4 Bc5 4. c3 Nf6 5. d4 exd4 6. cxd4 Bb4+ 7. Nbd2 d5 8. exd5 Nxd5 9. O-O O-O 10. a3 Bxd2 11. Bxd2 h6 12. Qb3 Nb6 13. d5 Nxc4 14. Qxc4 Ne7 15.
Bb4 a5 16. Bxe7 Qxe7 17. Rac1 Rd8 18. Rfe1 Qd6 19. Qxc7 Qxd5 20. Rc5 Qd7 21. h3 Qxc7 22. Rxc7 b6 23. Ree7 Be6 24. Ne5 Rd1+ 25. Kh2 Rf8 26. Ng6 Rfd8 27. Nf4 Bb3 28. Re3 a4 29. Rg3 R1d2 30.
Nh5 g6 31. f4 Kf8 32. Nf6 Kg7 33. Nh5+ Kf8 34. Nf6 Kg7 35. Ng4 R2d7 36. Rc6 Rd6 37. Rc7 R8d7 38. Rxd7 Rxd7 39. Rf3 Rd2 40. Rf2 Rd4 41. Ne5 Be6 42. Kg3 g5 43. fxg5 hxg5 44. Nf3 Rd3 45. Kh2 f6 46. Nd2 Bd5 47. Nf1 Kg6 48. Kg1 f5 49. Rd2 Rxd2 50. Nxd2 f4 51. Kf2 Kf5 52. g3 Ke5 53. Nf3+ Bxf3 54. Kxf3 fxg3 55. Kxg3 Kf5 56. Kf3 b5 57. Kg3 Ke5 58.
Kg4 Kf6 59. Kg3 Kf5 60. Kf3 Ke5 61. Kg4 Kf6 62. Kg3 Kf5 63. Kf3 Ke5 64. Kg4 1/2-1/2

[Event "Late-Titled-Tuesday-Blitz-June-18-2024"]
[Site "Chess.com"]
[Date "2024.06.18"]
[Round "4"]
[White "Rud_Makarian"]
[Black "BardArtem"]
[Result "0-1"]
[WhiteElo "3056"]
[BlackElo "2874"]
[TimeControl "180+1"]
[EndTime "14:42:50 PDT"]
[Termination "BardArtem won on time"]

1. c4 e6 2. Nc3 d5 3. d4 Nf6 4. cxd5 Nxd5 5. e4 Nxc3 6. bxc3 c5 7. Nf3 cxd4 8. cxd4 Bb4+ 9. Bd2 Bxd2+ 10. Qxd2 O-O 11. Bc4 Nd7 12. O-O b6 13. Rfe1 Bb7 14. Rad1 Rc8 15. Bb3 Nf6 16. d5 exd5 17. exd5 Qd6 18. Nd4 Qd7 19. Qg5 h6 20. Qf5 Rfd8 21.
d6 Qxd6 22. Ne6 Qc6 23. Nf4 Rxd1 24. Rxd1 Qe4 25. Qxe4 Bxe4 26. f3 Bc6 27. Kf2 g5 28. Nd3 Bd5 29. Bxd5 Nxd5 30. Rd2 f6 31. Ne1 Rc5 32.
Nc2 Kf7 33. Nd4 Nc3 34. Nb3 Rd5 35. Rc2 Nb5 36. g4 a5 37. Rc4 Nd6 38. Rc2 f5 39.
gxf5 Nxf5 40. Nd2 Nd6 41. Ke3 b5 42. Ne4 Nc4+ 43. Ke2 a4 44. Kf2 Rd4 45. Kg3 Ke6 46. Nc3 Nd6 47. Re2+ Kd7 48. Kf2 Rd3 49. Ne4 Nxe4+ 50.
fxe4 b4 51. Rb2 b3 52. axb3 axb3 53. Kg2 Ke6 0-1

[Event "Late-Titled-Tuesday-Blitz-June-18-2024"]
[Site "Chess.com"]
[Date "2024.06.18"]
[Round "4"]
[White "WoodlandMagic"]
[Black "OverallStranger"]
[Result "0-1"]
[WhiteElo "2892"]
[BlackElo "2394"]
[TimeControl "180+1"]
[EndTime "14:42:50 PDT"]
[Termination "OverallStranger won on time"]

1. Nf3 c5 2. c4 g6 3. Nc3 Bg7 4. d4 cxd4 5. Nxd4 Nc6 6. Nc2 Nf6 7. e4 d6 8. Be2 O-O 9. O-O Nd7 10. Bd2 Nc5 11. b4 Bxc3 12. Bxc3 Nxe4 13. Bb2 e5 14. a3 Be6 15. Ne3 Ne7 16. Bf3 f5 17. Qc2 Qb6 18. Bxe4 fxe4 19. Qxe4 Rf4 20. Qd3 Raf8 21. c5 dxc5 22. Bxe5 R4f7 23. Bc3 Nc6 24. Qe4 Bf5 25. Nxf5 Rxf5 26. Rad1 cxb4 27. Qc4+ R8f7 28. Bxb4 Nxb4 29. axb4 Rxf2 30. Kh1 Rxf1+ 31. Rxf1 Qc7 32. Qa2 Qd7 33. h3 a6 34. Re1 Kg7 35. Qa1+ Kg8 36. Qc3 Re7 37.
Qc4+ Kg7 38. Qc3+ Kg8 39. Qb3+ Kg7 40. Rd1 Qe6 41. Qc3+ Qf6 42. Qc4 Rf7 43. Qd5 Qf5 44. Qd4+ Qf6 45. Qe3 Qf5 46. Qc3+ Qf6 47. Qc2 Qf5 48.
Qd2 Qf6 49. Re1 Re7 50. Rc1 Rf7 51. Rd1 Qb6 52. Qc3+ Qf6 53. Qd2 Qc6 54. Qd4+ Qf6 55. Qe3 h6 56. Re1 Qf4 57. Qc3+ Qf6 58. Qd2 Re7 59. Rd1 Rf7 60. Qd3 h5 61. Qd2 b6 62.
Qd3 a5 63. bxa5 bxa5 64. Qb5 Qf5 65. Qb2+ Qf6 66. Qb5 Qf5 67. Qb2+ Kh7 68. Qa2 Rg7 0-1

[Event "Late-Titled-Tuesday-Blitz-June-18-2024"]
[Site "Chess.com"]
[Date "2024.06.18"]
[Round "4"]
[White "esrosenberg"]
[Black "katharinareinecke"]
[Result "1-0"]
[WhiteElo "2320"]
[BlackElo "2044"]
[TimeControl "180+1"]
[EndTime "14:42:51 PDT"]
[Termination "esrosenberg won on time"]

1. e4 c6 2. Nf3 d5 3. d3 Bg4 4. h3 Bh5 5. Nc3 e6 6. g4 Bg6 7. h4 h6 8. Ne5 Bh7 9. g5 Nd7 10. Nxf7 Kxf7 11. Qh5+ Bg6 12. Qf3+ Ke8 13. h5 Ne5 14.
Qg3 Bd6 15. hxg6 Nxg6 16. Qh3 Qe7 17. Qh5 Qf7 18. gxh6 Nxh6 19. Rg1 Ne5 20. Qxf7+ Kxf7 21. Be2 Rhg8 22. f4 Ng6 23. Bh5 Kf6 24. Rxg6+ Ke7 25.
f5 exf5 26. Bg5+ Kd7 27. exd5 Rae8+ 28. Kd2 Re5 29. dxc6+ bxc6 30. Re1 Rxe1 31. Kxe1 Bb4 32. Kd2 Bxc3+ 33. bxc3 Nf7 34. Bf4 Nd8 35. Rd6+ Ke7 36. Rd4 Ne6 37. Ra4 Nxf4 38. Rxf4 Kf6 39. Bf3 g5 40. Rc4 g4 41. Rxc6+ Ke5 42. Bg2 f4 43. d4+ Kf5 44. Rc5+ Kf6 45. Ke2 f3+ 46. Bxf3 gxf3+ 47. Kxf3 Rb8 48. Ke3 Ke6 49. Kd3 Kd6 50. Ra5 Rb7 51. c4 Kc6 52. d5+ Kd6 53. Kd4 Rb2 54. c5+ Kd7 55.
Rxa7+ Kc8 56. c4 Rd2+ 57. Ke5 Rc2 58. Kd6 Kb8 59. Ra4 Rh2 60. Kc6 Rh6+ 61. d6 Rh7 62. Rb4+ Kc8 63. Rb3 Rh6 64. Re3 Kb8 65.
Re8+ Ka7 66. Kc7 1-0

[Event "Late-Titled-Tuesday-Blitz-June-18-2024"]
[Site "Chess.com"]
[Date "2024.06.18"]
[Round "4"]
[White "Jospem"]
[Black "K_A_S_T_O_R"]
[Result "1-0"]
[WhiteElo "3060"]
[BlackElo "2833"]
[TimeControl "180+1"]
[EndTime "14:42:53 PDT"]
[Termination "Jospem won by resignation"]

1. e4 c5 2. Nf3 d6 3. c3 Nf6 4.
h3 g6 5. Bd3 Bg7 6. Bc2 e5 7.
O-O O-O 8. d3 h6 9. Nbd2 Nc6 10.
a3 Rb8 11. b4 cxb4 12. axb4 b5 13. Nb3 Re8 14. Be3 a6 15. Re1 Ra8 16. Qd2 Kh7 17.
Rad1 a5 18. bxa5 Nxa5 19. Rb1 Be6 20. Nc1 Bd7 21. Ne2 Qc7 22. Rec1 d5 23. Ng3 dxe4 24.
dxe4 Nc4 25. Qe2 Na3 26. Ra1 Nxc2 27. Qxc2 Be6 28. Rab1 Ra2 29. Rb2 Rxb2 30. Qxb2 Bc4 31. Nd2 Bd3 32. Ra1 Re7 33. Qb3 Rd7 34. Ra6 Qb7 35. Qa2 Qc8 36. Ra7 Rxa7 37. Qxa7 Kg8 38. Bc5 Qc6 39. f3 h5 40. Bb4 h4 41. Ngf1 Bh6 42. Qf2 Bg5 43. Qc5 Qxc5+ 44. Bxc5 Nh5 45. Ne3 Nf4 46. Kf2 Ne2 47. Bb4 Nc1 48. Ndf1 Bb1 49. Ba5 Nd3+ 50. Ke2 Nf4+ 51. Kf2 Be7 52. Bb4 Nd3+ 53.
Ke2 Nxb4 54. cxb4 Bxb4 55. Nd5 Bd6 56. Nfe3 Kg7 57. Kd2 Ba2 58. Nc3 Bc4 59. Nxc4 bxc4 60. Nd5 f5 61. Kc3 Kf7 62. Kxc4 Ke6 63. Kb5 fxe4 64.
fxe4 Ba3 65. Kc4 Kd6 66. Kd3 Bc1 67. Ke2 Ke6 68. Kf3 Bd2 69. Kg4 g5 70. Kh5 Kf7 71. Nb6 Be3 72. Nc4 Bf4 73. Nd6+ Kf6 74. Nf5 Be3 75.
Nxe3 1-0

[Event "Late-Titled-Tuesday-Blitz-June-18-2024"]
[Site "Chess.com"]
[Date "2024.06.18"]
[Round "4"]
[White "ozates"]
[Black "ninjatrick"]
[Result "1-0"]
[WhiteElo "2635"]
[BlackElo "2477"]
[TimeControl "180+1"]
[EndTime "14:42:59 PDT"]
[Termination "ozates won by resignation"]

1. e4 e5 2. Nf3 Nc6 3. Bc4 Nf6 4. d3 Be7 5. O-O O-O 6. a4 Bc5 7. c3 d5 8. exd5 Nxd5 9. Re1 Bg4 10. Nbd2 Nb6 11. Bb3 Qxd3 12. a5 Nc8 13. Bc2 Qd8 14. b4 Be7 15. b5 Nb8 16. Be4 Nd6 17. h3 Nxe4 18. Rxe4 Bxf3 19. Qxf3 Nd7 20. Nc4 f5 21. Re1 e4 22. Qe2 Nc5 23. f3 Nd3 24. Rd1 Bc5+ 25. Be3 Qd5 26. fxe4 fxe4 27. Ra4 Rad8 28.
Nb2 Qb3 29. Bxc5 Nxc5 30. Qc4+ Qxc4 31. Rxc4 Rxd1+ 32. Nxd1 b6 33. a6 Rd8 34. Ne3 Rd3 35.
Kf2 Kf7 36. Ke2 Rd7 37. Nc2 Kf6 38. Nd4 Rd8 39. Nc6 Ra8 40. Rd4 Ke6 41. Ke3 g6 42. h4 h5 43. g3 Kf5 44. Rd5+ Ke6 45. c4 Rf8 46. Nxa7 Rf3+ 47. Ke2 Ra3 48. Nc6 Ra4 49. a7 Nb7 50. Re5+ Kd6 51. Re8 Ra2+ 52. Ke3 Ra3+ 53. Ke2 Ra2+ 54. Kd1 Ra1+ 55. Kc2 Ra2+ 56. Kb1 Rxa7 57.
Nxa7 Nc5 58. Nc6 Ne6 59. Kc2 Nc5 60. Rg8 Ke6 61. Rxg6+ Kf5 62. Rg5+ Kf6 63. Rxh5 Nd3 64. Rh7 Nf2 65. Rxc7 e3 66. Re7 1-0

[Event "Late-Titled-Tuesday-Blitz-June-18-2024"]
[Site "Chess.com"]
[Date "2024.06.18"]
[Round "4"]
[White "matagordo"]
[Black "santosalberto1987"]
[Result "1-0"]
[WhiteElo "2399"]
[BlackElo "2563"]
[TimeControl "180+1"]
[EndTime "14:43:00 PDT"]
[Termination "matagordo won by resignation"]

1. d4 Nf6 2. Bf4 g6 3. Nc3 d5 4. e3 Bg7 5. h4 c6 6. Nf3 Bg4 7. Qd2 Bxf3 8. gxf3 Nbd7 9. O-O-O h5 10. e4 dxe4 11.
fxe4 O-O 12. Bh6 e5 13. Bxg7 Kxg7 14. Rg1 exd4 15. Qxd4 Qb6 16. Qxb6 axb6 17. Bh3 Ne5 18. f4 Nc4 19. e5 Ng4 20. Bxg4 hxg4 21. Rd7 Ne3 22.
Rxb7 b5 23. a3 Rab8 24. Rxb8 Rxb8 25. b3 Rh8 26. Kd2 Nf5 27. Rxg4 Nxh4 28. Ne4 Nf5 29. Rg2 Rh4 30. Rf2 Nd4 31. Ng5 Rh1 32. Kc3 Nf5 33.
Kb4 Ne7 34. Kc5 f6 35. Ne4 fxe5 36. fxe5 Re1 37. Ng5 Rxe5+ 38. Kd6 Rxg5 39. Kxe7 Rd5 40. Rf6 Rc5 41. Rf2 g5 42. Kd6 Rc3 43. Re2 Kg6 44. Ke5 Kh5 45. Kd4 Rf3 46. Kc5 Rc3+ 47. Kd4 Rf3 48. Kc5 Rf6 49. a4 bxa4 50. bxa4 g4 51. a5 g3 52. a6 Kg4 53. a7 Rf8 54. Kxc6 Kf3 55. Rd2 Ke3 56. Rd1 g2 57. Kb7 Rf7+ 58.
Kb8 Rf8+ 59. Kb7 Rf7+ 60. Kb6 Rf8 61. c4 Kf2 62. c5 g1=Q 63. Rxg1 Kxg1 64. c6 Kf2 65. Kb7 Ke3 66. a8=Q Rxa8 67. Kxa8 Kd4 68. c7 1-0

[Event "Late-Titled-Tuesday-Blitz-June-18-2024"]
[Site "Chess.com"]
[Date "2024.06.18"]
[Round "4"]
[White "alexrustemov"]
[Black "Polish_fighter3000"]
[Result "0-1"]
[WhiteElo "2864"]
[BlackElo "3090"]
[TimeControl "180+1"]
[EndTime "14:43:01 PDT"]
[Termination "Polish_fighter3000 won on time"]

1. d4 Nf6 2. c4 g6 3. g3 d6 4.
Bg2 Bg7 5. Nc3 O-O 6. Nf3 c6 7. O-O Bf5 8. b3 Ne4 9. Bb2 Nxc3 10. Bxc3 Be4 11. Rc1 Nd7 12. e3 e6 13. Qe2 h5 14.
Rfd1 d5 15. Bf1 a5 16. Nd2 Bf5 17. h3 Nf6 18. Bg2 Qe7 19. a4 Rfd8 20. Nf3 Ne4 21. Be1 g5 22. Ne5 Bxe5 23. dxe5 g4 24. Kh2 Ng5 25. f3 Kg7 26. fxg4 hxg4 27. h4 Rh8 28. Kg1 Nf3+ 29. Bxf3 gxf3 30. Qxf3 Rh6 31. cxd5 cxd5 32. Rd4 Rg6 33. Rf4 Rh8 34. Kf2 Be4 35. Rxe4 dxe4 36. Qxe4 Qa3 37. Qc4 Rh5 38. e4 Rh8 39. Bxa5 Rg4 40.
Bd2 Qe7 41. Qe2 Rhxh4 42. Rg1 Rh2+ 43. Rg2 Rxg2+ 44. Kxg2 Rg6 45. Qd3 Qc5 46. Bf4 Qa3 47. Kf3 Qa1 48. Kg2 Qb2+ 49. Kf3 Kh7 50. Qb5 Qc3+ 51. Kf2 Qc2+ 52. Kf3 Qd1+ 53. Ke3 Qe1+ 54. Kf3 Qd1+ 55. Ke3 Rg7 56. Qxb7 f5 57. Qc6 Qxb3+ 58.
Kf2 Qb2+ 59. Kf3 Rb7 60. exf5 exf5 61. Be3 Qb4 62. Qd5 Qb3 63. e6 Qxd5+ 64. Kf4 Qxe6 0-1

[Event "Late-Titled-Tuesday-Blitz-June-18-2024"]
[Site "Chess.com"]
[Date "2024.06.18"]
[Round "4"]
[White "GM_dmitrij"]
[Black "KingCyber19"]
[Result "1/2-1/2"]
[WhiteElo "3038"]
[BlackElo "2626"]
[TimeControl "180+1"]
[EndTime "14:43:04 PDT"]
[Termination "Game drawn by repetition"]

1. b3 c5 2. Bb2 Nc6 3. Nf3 d6 4. e3 e5 5. c4 Nf6 6. Nc3 Be6 7.
d4 cxd4 8. exd4 exd4 9. Nxd4 Nxd4 10. Qxd4 Be7 11. Be2 O-O 12. Bf3 Qc8 13. O-O a6 14.
Rfe1 Qc7 15. Rac1 Rad8 16. Bd5 Qd7 17. Na4 Bxd5 18. Nb6 Qg4 19. Qxg4 Nxg4 20. Nxd5 Bg5 21. Rcd1 Nf6 22. Ne7+ Kh8 23. Nf5 d5 24. h4 Bf4 25.
Bxf6 gxf6 26. Rxd5 Rxd5 27. cxd5 Rd8 28. Re7 h5 29. d6 Bxd6 30. Rxb7 Be5 31. g3 Rd1+ 32. Kg2 Rd2 33. a4 Rb2 34. b4 Kg8 35. Nh6+ Kg7 36. Nxf7 Bd4 37. Nd6+ Kg6 38. Ne4 Kf5 39. Nd6+ Ke6 40.
Nc4 Rxf2+ 41. Kh3 Ra2 42. g4 hxg4+ 43. Kxg4 Rxa4 44. h5 Ra1 45. h6 Rg1+ 46. Kf3 Rh1 47. h7 Kf5 48. Nd6+ Kg6 49. Ke4 Bc3 50. Rc7 Bxb4 51.
Nf5 Rxh7 52. Rc8 Rh1 53. Rg8+ Kf7 54. Rg7+ Ke6 55. Nd4+ Kd6 56. Rf7 Re1+ 57. Kd3 Rd1+ 58. Kc4 Bc5 59. Rxf6+ Ke7 60. Re6+ Kd7 61. Kxc5 Rxd4 62.
Rxa6 Rh4 63. Rb6 Rh5+ 64. Kc4 Rh4+ 65. Kc5 Rh5+ 66. Kc4 Rh4+ 67. Kc5 1/2-1/2

[Event "Late-Titled-Tuesday-Blitz-June-18-2024"]
[Site "Chess.com"]
[Date "2024.06.18"]
[Round "4"]
[White "Zq1"]
[Black "rionelG"]
[Result "0-1"]
[WhiteElo "2492"]
[BlackElo "2352"]
[TimeControl "180+1"]
[EndTime "14:43:04 PDT"]
[Termination "rionelG won on time"]

1. Nf3 Nf6 2. c4 g6 3. Nc3 Bg7 4. e4 d6 5. d4 O-O 6. Be2 Na6 7. O-O e5 8. Re1 c6 9. Rb1 exd4 10. Nxd4 Nc5 11.
f3 a5 12. Be3 Re8 13. Qd2 Nfd7 14. Rbd1 Ne5 15. Bf1 a4 16. Nc2 Be6 17. Qxd6 Qxd6 18. Rxd6 Ncd7 19. Red1 a3 20. Nxa3 Bf8 21. c5 Bxd6 22.
cxd6 b5 23. Nc2 Nc4 24. Bc1 Rec8 25. Nd4 Ncb6 26. Nxe6 fxe6 27. a3 e5 28. g3 Kf7 29.
Bh3 Rd8 30. f4 Nc4 31. fxe5 Ndxe5 32. d7 Nxd7 33. Rxd7+ Rxd7 34. Bxd7 Ne5 35. Bh3 Rd8 36.
Bf1 Rd4 37. Kf2 Nd3+ 38. Ke3 Nxc1 39. Kxd4 Nb3+ 40. Ke5 Ke7 41. Ne2 Nd2 42. Kf4 Nxf1 43. Nd4 Kd6 44. Nf3 c5 45. h4 c4 46. g4 Kc5 47. g5 b4 48. axb4+ Kxb4 49. e5 Kc5 50. e6 Kd6 51. Ke4 Ng3+ 52. Kd4 Kxe6 53. Kxc4 Kf5 54. b4 Kg4 55. Nd4 Ne4 56. Kd5 Nc3+ 57. Kc4 Ne4 58.
Kd5 Nc3+ 59. Ke5 Kxh4 60. Kf6 Kh5 61. Ne6 Nd5+ 62. Kg7 Nxb4 63. Kxh7 Nd5 0-1

[Event "Late-Titled-Tuesday-Blitz-June-18-2024"]
[Site "Chess.com"]
[Date "2024.06.18"]
[Round "4"]
[White "nihalsarin"]
[Black "Rsnr"]
[Result "0-1"]
[WhiteElo "3190"]
[BlackElo "2916"]
[TimeControl "180+1"]
[EndTime "14:43:05 PDT"]
[Termination "Rsnr won by resignation"]

1. d4 Nf6 2. c4 e6 3. Nf3 d5 4. e3 b6 5. Qa4+ c6 6. cxd5 exd5 7. Bd2 a5 8. Bd3 Bd6 9. O-O O-O 10. Nc3 b5 11.
Qc2 a4 12. e4 dxe4 13. Nxe4 Nxe4 14. Bxe4 h6 15. Rad1 Be6 16. b3 axb3 17. axb3 Bd5 18. Ne5 Qb6 19. Be3 Qb7 20. Bxd5 cxd5 21. Qf5 Nc6 22.
Ng4 Ne7 23. Qh5 Qc8 24. Bxh6 Qf5 25. Qh3 f6 26. Be3 Kf7 27. Ra1 Rh8 28. Qf3 Qxf3 29. gxf3 Rhc8 30. Rfc1 Rxa1 31. Rxa1 Rc3 32. Ra6 Nf5 33.
Ra7+ Kg6 34. Rd7 Rxb3 35. h4 b4 36. f4 Rb1+ 37. Kg2 b3 38. Rb7 b2 39. Nh2 Ba3 40.
Nf3 Ra1 41. Nd2 Rd1 42. Kf3 Nd6 43. Rb8 Nc4 44. Ke2 Nxd2 45. Kxd1 b1=Q+ 46. Rxb1 Nxb1 47. Kc2 Kh5 48. Kxb1 Kxh4 49. Kc2 Kg4 50. Kb3 Bd6 51. Ka4 Bxf4 52. Kb5 Bxe3 53. fxe3 Kf3 54. Kc5 g5 55. Kxd5 g4 56. Ke6 g3 57. d5 g2 58.
d6 g1=Q 59. d7 Qg8+ 60. Ke7 Qg7+ 61. Ke8 Kxe3 62. d8=Q Qg8+ 63. Ke7 Qxd8+ 64. Kxd8 f5 0-1

[Event "Late-Titled-Tuesday-Blitz-June-18-2024"]
[Site "Chess.com"]
[Date "2024.06.18"]
[Round "4"]
[White "dretch"]
[Black "sammartin99"]
[Result "1/2-1/2"]
[WhiteElo "2838"]
[BlackElo "2385"]
[TimeControl "180+1"]
[EndTime "14:43:09 PDT"]
[Termination "Game drawn by 50-move rule"]

1. d4 d5 2. c4 c6 3. Nc3 Nf6 4. e3 Bf5 5. Qb3 Qb6 6. Qxb6 axb6 7. cxd5 Nxd5 8. Nxd5 cxd5 9. Nf3 Nc6 10. Bb5 Bd7 11.
Ke2 e6 12. Bd2 Bd6 13. Rhc1 Ke7 14. a4 f6 15. Bc3 Rhc8 16. Ne1 Na5 17. Bxd7 Kxd7 18.
Bxa5 bxa5 19. Nd3 b6 20. f4 Rxc1 21. Rxc1 Rc8 22. Rxc8 Kxc8 23. g4 f5 24. Kf3 Kb7 25. Nc1 Ka6 26. Ne2 b5 27. b3 Bb4 28. Ng3 g6 29. h4 bxa4 30. bxa4 Kb6 31. h5 Kc6 32. g5 Kd7 33. h6 Ke7 34. Ne2 Kd7 35.
Ng1 Kc6 36. Ke2 Kd7 37. Nf3 Bd6 38. Nh4 Bf8 39. Kd3 Kc6 40. Kc2 Kb6 41. Nf3 Bd6 42.
Ne1 Kc6 43. Nd3 Kb6 44. Nb2 Kc6 45. Nd1 Kb6 46. Nc3 Kc6 47. Ne2 Kb6 48. Kd1 Kc6 49.
Nc1 Kb6 50. Nd3 Kc6 51. Ne1 Kb6 52. Nf3 Kc6 53. Kc2 Kb6 54. Kc3 Kc6 55. Nh4 Bf8 56.
Kd3 Kb6 57. Ng2 Kc6 58. Ne1 Kb6 59. Nc2 Bd6 60. Na1 Kc6 61. Nb3 Kb6 62. Kc2 Be7 63. Nc1 Bd6 64. Nd3 Kc6 65. Nb2 Kb6 66. Nd1 Kc6 67.
Nc3 Kb6 68. Nb5 Bb8 69. Kc3 Kc6 70. Kd3 Kb6 71. Ke2 Kc6 72. Kf3 Kb6 73. Kg3 Kc6 74. Kf2 Kb6 75. Kf3 Kc6 76. Nc3 Kb6 77. Nb1 Kc6 78. Nd2 Kb6 79. Nb3 Bd6 80. Nc1 Kc6 81. Ke2 Kb6 82. Nb3 Be7 83. Kd3 1/2-1/2

[Event "Late-Titled-Tuesday-Blitz-June-18-2024"]
[Site "Chess.com"]
[Date "2024.06.18"]
[Round "4"]
[White "Zhigalko_Sergei"]
[Black "Bryanl106"]
[Result "1-0"]
[WhiteElo "2985"]
[BlackElo "2732"]
[TimeControl "180+1"]
[EndTime "14:43:13 PDT"]
[Termination "Zhigalko_Sergei won by resignation"]

1. e4 e5 2. Nf3 Nc6 3. Bb5 a6 4.
Ba4 Nf6 5. O-O b5 6. Bb3 Be7 7.
Re1 d6 8. c3 O-O 9. h3 a5 10.
a4 bxa4 11. Bxa4 Bd7 12. d3 h6 13. Nbd2 Re8 14. Nf1 Bf8 15. Ng3 Ne7 16. Bc2 Ng6 17. d4 Qc8 18. Bd3 Qb7 19. Qc2 a4 20. Be3 Reb8 21.
Reb1 Bb5 22. d5 Bxd3 23. Qxd3 c5 24. Nd2 Nd7 25. Ra2 Nb6 26. Rba1 Qd7 27. Qe2 Qb7 28. Nc4 Nxc4 29. Qxc4 Qb3 30. Qxb3 Rxb3 31. Bc1 Nf4 32. Kf1 Nd3 33. Ne2 Rab8 34. Rxa4 Nxc1 35. Rxc1 Rxb2 36. g3 Be7 37. Rca1 g6 38. Ra8 Kg7 39. Rxb8 Rxb8 40.
Ra7 Kf8 41. h4 f5 42. h5 gxh5 43. exf5 Kf7 44. c4 Kf6 45. Nc3 Bf8 46. Nb5 Kxf5 47.
Ke2 Rd8 48. Rh7 Kg6 49. Rc7 Kf6 50. Kf3 Be7 51. Ra7 Bf8 52. Ke4 Be7 53. Rb7 Rg8 54. Kd3 h4 55. gxh4 Rg4 56. Nc7 Kf7 57. Nb5 Kf6 58. h5 Rh4 59. Nc7 Kf7 60. Nb5 Kf6 61.
Rb6 Rxh5 62. Nxd6 Bxd6 63. Rxd6+ Kf5 64. Rc6 Rh3+ 65. Kc2 Rh2 66. Rxc5 Rxf2+ 67. Kc3 Ke4 68. Rc8 h5 69. Rh8 Rf3+ 70. Kb4 Rh3 71. d6 Rd3 72.
Kc5 Kf5 73. Rxh5+ Ke6 74. Rh6+ Kd7 75. Rh7+ Ke6 76. Re7+ Kf6 77. Re8 Rd1 78. Kc6 Kf5 79.
d7 e4 80. d8=Q 1-0

[Event "Late-Titled-Tuesday-Blitz-June-18-2024"]
[Site "Chess.com"]
[Date "2024.06.18"]
[Round "4"]
[White "ahkashefi2800"]
[Black "stollenmonster"]
[Result "1-0"]
[WhiteElo "2621"]
[BlackElo "2890"]
[TimeControl "180+1"]
[EndTime "14:43:14 PDT"]
[Termination "ahkashefi2800 won by resignation"]

1. d4 Nf6 2. Nf3 e6 3. Bg5 d5 4.
Nbd2 Be7 5. e3 Ne4 6. Bxe7 Qxe7 7. Nxe4 dxe4 8. Nd2 f5 9. Bc4 O-O 10. O-O Nd7 11.
f4 exf3 12. Nxf3 c6 13. c3 Kh8 14. Qe1 e5 15. Nh4 g6 16. Nf3 e4 17. Qh4 Qxh4 18. Nxh4 Nf6 19. h3 Bd7 20. g3 Nd5 21.
Bxd5 cxd5 22. Ng2 g5 23. h4 h6 24. Rf2 Kg7 25. Kf1 b5 26. a3 a5 27. Ne1 b4 28.
cxb4 axb4 29. Nc2 bxa3 30. bxa3 Rfb8 31. Ra2 Bb5+ 32. Kg2 Bc4 33. Ra1 Kg6 34. hxg5 hxg5 35. a4 Ra5 36. Ne1 Rb4 37. g4 fxg4 38. Kg3 Rbxa4 39. Rb1 Ra6 40. Rb8 Ra1 41. Rg8+ Kh7 42. Rff8 Ra7 43. Ng2 Rf7 44. Rxf7+ Kxg8 45. Rf5 Rf1 46.
Rxg5+ Kf8 47. Rxg4 Rf3+ 48. Kh4 Ke7 49. Rg7+ Kd6 50.
Rg4 Kc7 51. Rg3 Kb6 52. Nf4 Kb5 53. Rxf3 exf3 54. Kg3 Kb4 55. Kxf3 Kc3 56. Ng6 Kd2 57. Ne5 Bb3 58. Kf4 Ba2 59. Nc6 Kc3 60. Ne7 Bb3 61.
Ng6 Ba2 62. Ne7 Bb3 63. Ke5 Kd3 64. Nxd5 Ba2 65. e4 Ke2 66. Nc3+ 1-0

[Event "Late-Titled-Tuesday-Blitz-June-18-2024"]
[Site "Chess.com"]
[Date "2024.06.18"]
[Round "4"]
[White "Legit"]
[Black "OparinGrigoriy"]
[Result "1-0"]
[WhiteElo "2751"]
[BlackElo "3007"]
[TimeControl "180+1"]
[EndTime "14:43:15 PDT"]
[Termination "Legit won by checkmate"]

1. d4 Nf6 2. Nf3 b6 3. c4 Bb7 4. Nc3 g6 5. g3 Bg7 6. Bg2 O-O 7. O-O e6 8. Qc2 Na6 9. e4 Nb4 10. Qe2 a5 11. a3 Na6 12. e5 Ne8 13. Rd1 d6 14. Bg5 Qd7 15. Ne4 h6 16. Nf6+ Nxf6 17. exf6 hxg5 18. fxg7 Kxg7 19. Nxg5 Bxg2 20. Kxg2 c6 21.
h4 Rh8 22. Qf3 Nc7 23. Ne4 Qe7 24. Ng5 d5 25. Rac1 Ne8 26. cxd5 cxd5 27. Rc6 Nf6 28.
Re1 Rae8 29. Qf4 Nd7 30. Rc7 Rd8 31. Rb7 Rhf8 32. Rc1 Rc8 33. Rcc7 Rxc7 34. Qxc7 Rd8 35. Rxb6 Rc8 36. Qxc8 Nxb6 37. Qc5 Qb7 38. Qxa5 Nc4 39. Qb4 Qxb4 40. axb4 Nxb2 41. b5 Nc4 42. f4 Kf8 43. g4 Ke7 44. h5 gxh5 45. gxh5 f6 46. h6 Kf8 47. Nxe6+ Kg8 48. Nc7 Nb6 49. Ne8 Kh7 50.
Nxf6+ Kxh6 51. Kf3 Kg6 52. Ng4 Kf5 53. Ne3+ Ke6 54.
f5+ Kd6 55. Kf4 Na4 56. Nd1 Nb6 57. Nc3 Nc4 58. Kg5 Nd2 59. Ne2 Ke7 60. Kg6 Ne4 61. Nf4 Nd6 62. Nxd5+ Kd7 63. b6 Kc6 64. Ne3 Kxb6 65.
f6 Kc6 66. f7 Nxf7 67. Kxf7 Kd6 68. Kf6 Kd7 69. Ke5 Ke7 70. d5 Kd7 71. Nc4 Kd8 72.
d6 Kd7 73. Kd5 Kd8 74. Ne5 Ke8 75. Ke6 Kd8 76. Nf7+ Kc8 77. d7+ Kb7 78. d8=Q Ka6 79. Qb8 Ka5 80. Qb3 Ka6 81. Qb4 Ka7 82. Qb5 Ka8 83.
Nd6 Ka7 84. Qb7# 1-0

[Event "Late-Titled-Tuesday-Blitz-June-18-2024"]
[Site "Chess.com"]
[Date "2024.06.18"]
[Round "4"]
[White "ManMish2"]
[Black "VaglioSagan"]
[Result "1/2-1/2"]
[WhiteElo "2661"]
[BlackElo "2504"]
[TimeControl "180+1"]
[EndTime "14:43:15 PDT"]
[Termination "Game drawn - insufficient material"]

1. e4 c6 2. d4 d5 3. Nc3 dxe4 4.
Nxe4 Nf6 5. Nxf6+ exf6 6. c3 Bd6 7. Bd3 O-O 8. Qc2 Re8+ 9. Ne2 h6 10. Be3 Qc7 11.
O-O-O Nd7 12. g4 c5 13. h4 cxd4 14. Nxd4 Bf4 15. g5 fxg5 16. hxg5 Rxe3 17. fxe3 Bxe3+ 18. Kb1 Bxg5 19. Rhf1 Ne5 20. Bh7+ Kh8 21. Bf5 Nc4 22.
Rfe1 Ne3 23. Qe4 Bxf5 24. Nxf5 Nxd1 25. Rxd1 Qc6 26. Qc2 Rd8 27. Rxd8+ Bxd8 28. a4 Qg6 29. Qe4 Bf6 30. a5 Kh7 31. Ka2 b6 32. a6 Bg5 33.
Kb3 Qe6+ 34. Qxe6 fxe6 35. Nd4 h5 36. Kc4 h4 37. Kd3 Bf4 38. Ne2 g5 39. Ke4 h3 40.
Kf3 Kg7 41. c4 Kf6 42. b4 Ke5 43. c5 bxc5 44. b5 Kd5 45. b6 Bb8 46. bxa7 Bxa7 47. Kg3 Kc6 48. Kxh3 Kb5 49. Kg4 Kxa6 50. Kxg5 Kb5 51.
Kf6 Kc4 52. Kxe6 Kd3 53. Nf4+ Kd4 54. Ne2+ Kc4 55. Nf4 Kb3 56. Nd5 c4 57. Kd7 Bd4 58. Kc6 Ka4 59. Kd7 Kb5 60. Ke6 Kc5 61. Nf4 Bb2 62. Kf5 Kd4 63. Ne6+ Kd3 64. Nc5+ Kd2 65. Ne4+ Kd1 66. Kf4 Bd4 67. Kf3 Kc2 68. Ke2 Be5 69.
Nf2 Bd4 70. Ne4 Bg7 71. Nd6 c3 72. Nb5 Bd4 73. Nxd4+ Kb2 74. Kd3 c2 75. Nxc2 1/2-1/2